AoeStats
← Tunga

Arabia

507775772Analyzed
1v1 RM · 13d ago on Sep 19, 2026· 39m 50s· 2 players
Game mode
Random Map
Map size
Tiny (2 player)
Population
200
Speed
Normal
Resources
Standard
Victory
Conquest
Starting age
Dark Age
Ending age
Imperial Age
RankedLock teamsTeams togetherTeam positionsShared explorationLock speedFull tech treeHidden civsTurbo modeCheats
Victory
Defeat
🇹🇷 Burmese · Türkiye
713
+17
🇲🇽 Mongols · Mexico
738
-38
Tunga
11:38 Loom
14:20 Feudal Age
14:22 Man-at-Arms
15:46 Wheelbarrow
18:59 Horse Collar
20:55 Bloodlines
22:59 Scale Mail Armor
23:10 Forging
23:16 Padded Archer Armor
23:07 Fletching
23:32 Gold Mining
27:23 Castle Age
29:10 Hand Cart
29:58 Husbandry
31:52 Elite Skirmisher
37:24 Imperial Age
35:26 Manipur Cavalry
37:11 Pikeman
37:52 Squires
38:35 Halberdier
JAZS0698
1:42 Loom
11:37 Feudal Age
12:24 Double-Bit Axe
13:33 Horse Collar
14:18 Man-at-Arms
16:18 Wheelbarrow
21:10 Bloodlines
27:42 Castle Age
26:35 Scale Barding Armor
26:41 Forging
32:01 Husbandry
34:14 Light Cavalry
38:52 Ballistics
38:57 Bow Saw
Connection lost

Rejoining the realm…

Still unreachable

The connection could not be restored.

Session expired

The server has moved on; the page needs a fresh start.